 Dungeon Crawl Stone Soup version 0.28-a0-429-g1448048969 (webtiles) character file.

Game seed: 17183623201522096544

49 Sabo the Covered (level 3, 0/23 HPs)
             Began as a Gargoyle Fighter on Sept 10, 2021.
             Was a Follower of Fedhas.
             Slain by a gnoll (7 damage)
             ... on level 2 of the Dungeon.
             The game lasted 00:07:57 (2044 turns).

Sabo the Covered (Gargoyle Fighter)                 Turns: 2044, Time: 00:07:58

Health: 0/23       AC: 11    Str: 20    XL:     3   Next: 75%
Magic:  3/3        EV:  9    Int:  8    God:    Fedhas [*.....]
Gold:   25         SH:  4    Dex:  9    Spells: 2/2 levels left

rFire   . . .      SeeInvis .   a - +0 war axe
rCold   . . .      Faith    .   c - +0 buckler
rNeg    + . .      Spirit   .   b - +0 scale mail
rPois   ∞          Reflect  .   f - +0 helmet
rElec   +          Harm     .   (no cloak)
rCorr   .          Rampage  .   (no gloves)
Will    .....                   (no boots)
Stlth   ..........              (no amulet)
HPRegen 0.07/turn               (no ring)
MPRegen 0.08/turn               (no ring)

@: no status effects
A: sickness immunity, AC +3, negative energy resistance 1, electricity
resistance, torment resistance 1, petrification resistance
a: Renounce Religion


You were on level 2 of the Dungeon.
You worshipped Fedhas.
Fedhas was aware of your devotion.
You visited 1 branch of the dungeon, and saw 2 of its levels.

You collected 25 gold pieces.

Inventory:

Hand Weapons
 a - a +0 war axe (weapon)
Missiles
 k - 20 arrows
 p - 10 bolts
Armour
 b - a +0 scale mail (worn)
 c - a +0 buckler (worn)
 f - a +0 helmet (worn)
Scrolls
 g - a scroll of identify {unknown}
 h - a scroll of blinking {unknown}
 i - a scroll of magic mapping {unknown}
 j - a scroll of fear {unknown}
 n - a scroll of immolation {unknown}
 o - a scroll of teleportation {unknown}
Potions
 d - a potion of might
 e - 3 potions of attraction {unknown}
 l - a potion of ambrosia {unknown}
 m - a potion of brilliance {unknown}


   Skills:
 + Level 3.5 Fighting
 + Level 2.5 Axes
 + Level 4.0 Armour
 + Level 0.3 Stealth
 + Level 3.5 Shields


You had 2 spell levels left.
You didn't know any spells.
Your spell library was empty.

Dungeon Overview and Level Annotations

Branches:
Dungeon (2/15)

Altars:
Fedhas


Innate Abilities, Weirdness & Mutations

You are immune to sickness and miasma.
Your stone body is resilient. (AC +3)
You are immune to poison.
You resist negative energy. (rN+)
You are resistant to electric shocks. (rElec)
You are resistant to unholy torment.
You are immune to petrification.


Message History

There is a faded altar of an unknown god here.
You cannot tell which god this altar belongs to.
Convert to them anyway?
Fedhas accepts your prayer! Fedhas welcomes you!
The plants of the dungeon cease their hostilities.
You see here a human skeleton.
Found 10 bolts.
You see here 10 bolts.
p - 10 bolts A gnoll comes into view. It is wielding a +0 flail.
The gnoll shouts!
You hear a shout!
A gnoll comes into view. It is wielding a +1 flail of draining.
The gnoll shouts!
You barely miss the gnoll. The gnoll barely misses you.
You barely miss the gnoll.
The gnoll shouts!
You barely miss the gnoll.
The gnoll hits you with a +1 flail of draining.
The gnoll shouts!
You slash the gnoll!
The gnoll is heavily wounded.
The gnoll misses you.
The gnoll hits you with a +1 flail of draining!
You hit the gnoll.
The gnoll is heavily wounded.
You block the gnoll's attack.
You hit the gnoll but do no damage.
The gnoll is heavily wounded.
The gnoll closely misses you. The gnoll hits you but does no damage.
You barely miss the gnoll.
The gnoll is heavily wounded.
The gnoll completely misses you.
You barely miss the gnoll.
The gnoll is heavily wounded.
The gnoll hits you but does no damage.
You hit the gnoll.
The gnoll is almost dead.
The gnoll hits you with a +1 flail of draining!
You die...
Fedhas appreciates your contribution to the ecosystem.

############
#..........#
#..........#
#..........#
###..........#
.............#
.............######
............gggg@.#
....#############.##
..g.# #..# ....#
##.# ...## #.# #.#
#.# .. ####.####
##.....8.#
#.÷....^8#


You could see 4 gnolls.

Vanquished Creatures
  A worm (D:2)
  A dart slug (D:1)
  3 bats
  5 endoplasms
  2 giant cockroaches (D:1)
  6 goblins (D:1)
  5 hobgoblins
  4 quokkas
  3 ball pythons (D:1)
  4 frilled lizards (D:1)
  3 kobolds
  2 rats (D:1)
39 creatures vanquished.

Vanquished Creatures (others)
  10 plants (D:1)
10 creatures vanquished.

Grand Total: 49 creatures vanquished

Notes
Turn   | Place    | Note
-------+----------+-------------------------------------------
     0 | D:1      | Sabo the Gargoyle Fighter began the quest for the Orb.
     0 | D:1      | Reached XP level 1. HP: 14/14 MP: 1/1
   193 | D:1      | Reached XP level 2. HP: 19/19 MP: 2/2
   783 | D:1      | Reached XP level 3. HP: 15/23 MP: 3/3
  1239 | D:1      | Reached skill level 4 in Armour
  1971 | D:2      | Found a faded altar of an unknown god.
  1986 | D:2      | Became a worshipper of Fedhas Madash
  1986 | D:2      | Reached * piety under Fedhas
  2044 | D:2      | Slain by a gnoll

Illustrated notes

Levels and vault maps discovered:
D:1:      sevenhm_arrival_forest_fort_small_4, layout_rooms, serial_bayou,
          serial_bayou_pond_a, serial_bayou_lake_a, serial_bayou_lagoon_a,
          serial_bayou_pond_a
D:2:      layout_basic, shapermc_ecumenical_altar_pompeii

Skill      XL: |  1  2  3 |
---------------+----------+-----
Axes           | 2 |  2.5
Armour         | 4 |  4.0
Fighting       | |  3.5
Stealth        | |  0.3
Shields        | |  3.5

Action                   || total
-------------------------++-------
Melee: War axe           ||   128
Armor: Scale mail        ||    68
Dodge: Dodged            ||    66
Block: Buckler           ||    17

Table legend: (Time is in decaauts)
 A = Elapsed time spent in this place.
 B = Non-inter-level travel time spent in this place.
 C = Inter-level travel time spent in this place.
 D = Time resting spent in this place.
 E = Time spent auto-exploring this place.
 F = Levels seen in this place.
 G = Mean time per level.
                   A        B        C        D        E       F      G
               +--------+--------+--------+--------+--------+-----+--------+
         Total |   2178 |   2178 |      0 |    678 |      0 |   2 | 1089.0 |
       Dungeon |   2178 |   2178 |      0 |    678 |      0 |   2 | 1089.0 |
               +--------+--------+--------+--------+--------+-----+--------+

Top non-repeatable levels by time:
     D:1: 1529 daAuts
     D:2: 649 daAuts
